 Dungeon Crawl Stone Soup version 0.26-a0-542-gbaa144ba5c (webtiles) character file.

Game seed: 16412912951796996391

1523 Eifo4Ohj9gu9Dob0ohLe the Carver (level 8, -2/70 HPs)
             Began as a Black Draconian Berserker on Aug 17, 2020.
             Was a Priest of Trog.
             Slain by an orc warrior
             ... wielding a +0 mace
              (4 damage)
             ... on level 9 of the Dungeon.
             The game lasted 00:45:29 (6560 turns).

Eifo4Ohj9gu9Dob0ohLe the Carver (DrBe)              Turns: 6560, Time: 00:45:31

Health: -2/70      AC:  6    Str: 19    XL:     8   Next: 54%
Magic:  8/8        EV: 14    Int:  7    God:    Trog [***...]
Gold:   158        SH:  3    Dex: 12    Spells: 7/7 levels left

rFire    . . .     SeeInvis .   t - +3 falchion (holy)
rCold    . . .     Faith    .   v - +0 buckler
rNeg     . . .     Spirit   .   (armour unavailable)
rPois    +         Reflect  .   (helmet restricted)
rElec    +         Harm     .   (no cloak)
rCorr    .                      (no gloves)
MR       .....                  (no boots)
Stlth    ++........             (no amulet)
HPRegen  0.21/turn              (no ring)
MPRegen  0.11/turn              (no ring)

@: berserk cooldown, slowed, very slow
A: breathe lightning, unfitting armour, stinger 1, talons 1, poison resistance,
electricity resistance, weak 1, cold-blooded, AC +6
a: Breathe Lightning, Berserk, Trog's Hand, Renounce Religion


You were on level 9 of the Dungeon.
You worshipped Trog.
Trog was most pleased with you.
You visited 1 branch of the dungeon, and saw 8 of its levels.

You collected 449 gold pieces.
You spent 291 gold pieces at shops.

Inventory:

Hand Weapons
 a - a +0 falchion of electrocution
 n - a +1 spear of venom
 t - a +3 falchion of holy wrath (weapon)
Armour
 v - a +0 buckler (worn)
 w - the +4 cloak "Jaogapit" {Str+2, unknown}
   (You found it on level 6 of the Dungeon)

   It affects your strength (+2).
Jewellery
 b - an uncursed ring of positive energy
 g - an uncursed ring of teleportation
 o - an uncursed ring of wizardry
 s - an uncursed ring of wizardry
 x - an uncursed ring of fire
Wands
 j - a wand of flame (11)
 m - a wand of disintegration (13)
 p - a wand of polymorph (8)
 r - a wand of acid (28)
Scrolls
 f - 2 scrolls of identify
 h - 2 scrolls of remove curse
 i - 3 scrolls of teleportation
 q - a scroll of enchant armour
 u - 2 scrolls of magic mapping
 z - a scroll of enchant weapon {unknown}
Potions
 c - 3 potions of curing
 d - a potion of invisibility
 e - 2 potions of brilliance
 k - 7 potions of heal wounds
 l - a potion of mutation
 A - a potion of might


   Skills:
 + Level 5.7 Fighting
 + Level 8.2 Long Blades
 + Level 5.4 Dodging
 + Level 2.9 Stealth
 + Level 0.1 Shields
 + Level 0.1 Unarmed Combat


You had 7 spell levels left.
You didn't know any spells.
Your spell library was empty.

Dungeon Overview and Level Annotations

Branches:
Dungeon (7/15)             Temple (0/1) D:5

Altars:
Cheibriados
Gozag
Nemelex Xobeh
Okawaru
Ru
Uskayaw
Wu Jian
Xom
Yredelemnul
The Shining One

Shops:
D:4 ???*:


Innate Abilities, Weirdness & Mutations

You can breathe wild blasts of lightning.
Your glossy black scales are hard. (AC +6)
You cannot fit into any form of body armour.
You are resistant to electric shocks. (rElec)
You are cold-blooded and may be slowed by cold attacks.
Your tail ends in a poisonous barb.
You have sharp toenails.
Your system is resistant to poisons. (rPois)
You are weak. (Str -2)


Message History

The orc warrior is almost dead.
The orc priest invokes the aid of Beogh against you.
Beogh smites you!
* * * LOW HITPOINT WARNING * * *
The orc warrior barely misses you.
The orc wizard mumbles some strange words.
The orc wizard flickers and vanishes!
Deactivating autopickup; reactivate with Ctrl-A.
You feel much better.
The orc warrior hits you with a +0 mace.
The orc warrior hits you with a +0 mace!
* * * LOW HITPOINT WARNING * * *
You hit the orc warrior but do no damage.
Your kick misses the orc warrior.
The orc warrior is almost dead.
The orc priest calls down the wrath of Beogh upon you.
Beogh smites you!
* * * LOW HITPOINT WARNING * * *
The orc warrior hits you with a +0 mace.
You die...

########## #........# ###
#........# ... #........#
###.# #. #........# #... #.
#.......o########.# ###.#
#......o{oo@......# ...#
#......oo#######..######..#
#........# #....#.....#
#.....o..# #.##.#..#..##
#####o#### ...##.#....#..
..o# ######.#....#.# ..<..
#........# ....oo
#######.##.#.. >.....
..............


You could see an orc warrior, an orc priest and 4 orcs.

Vanquished Creatures
  Grinder (D:3)
  Sigmund (D:2)
  The ghost of BeastOfSaturn the Skirmisher, an amateur DsFi (D:4)
  An ogre (D:7)
  2 bullfrogs (D:6)
  A wyvern zombie (D:7)
  A scorpion (D:5)
  2 howler monkeys
  2 hounds (D:4)
  2 jellies
  2 orc priests
  6 orc wizards
  Natasha (D:3)
  2 worker ants (D:4)
  A hound skeleton (D:9)
  8 adders
  3 white imps
  An ufetubus (D:6)
  An ooze (D:1)
  An adder skeleton (D:4)
  4 worms (D:2)
  4 dart slugs
  4 leopard geckos
  17 orcs
  8 giant cockroaches
  10 hobgoblins
  6 jackals
  A ball python (D:2)
  4 bats
  2 frilled lizards
  9 goblins
  7 kobolds
  A plant (D:2)
117 creatures vanquished.

Notes
Turn   | Place    | Note
-------+----------+-------------------------------------------
     0 | D:1      | Eifo4Ohj9gu9Dob0ohLe the Draconian Berserker began the
                  | quest for the Orb.
     0 | D:1      | Reached XP level 1. HP: 19/19 MP: 1/1
    80 | D:1      | Reached XP level 2. HP: 26/26 MP: 2/2
   543 | D:1      | Reached XP level 3. HP: 31/31 MP: 3/3
  1069 | D:2      | Found a snail-covered altar of Cheibriados.
  1089 | D:2      | Found a sacrificial altar of Ru.
  1555 | D:2      | Reached XP level 4. HP: 35/39 MP: 4/4
  1623 | D:2      | Reached skill level 4 in Long Blades
  1968 | D:2      | Noticed Sigmund
  1977 | D:2      | Killed Sigmund
  1977 | D:2      | Reached XP level 5. HP: 41/46 MP: 5/5
  1995 | D:2      | Reached ** piety under Trog
  2260 | D:3      | Reached XP level 6. HP: 45/52 MP: 6/6
  2336 | D:3      | Reached skill level 5 in Long Blades
  2746 | D:3      | Found an ornate altar of the Wu Jian Council.
  2748 | D:3      | Noticed Natasha
  2770 | D:3      | Killed Natasha
  3027 | D:3      | Noticed Grinder
  3049 | D:3      | Paralysed by Grinder for 6 turns
  3060 | D:3      | Paralysed by Grinder for 6 turns
  3091 | D:3      | Killed Grinder
  3091 | D:3      | Reached skill level 1 in Stealth
  3529 | D:3      | Your scales start taking on a glossy black colour.
  3529 | D:3      | Reached XP level 7. HP: 48/60 MP: 7/7
  3529 | D:3      | Gained mutation: You are resistant to electric shocks.
                  | (rElec) [Black Draconian growth]
  3808 | D:4      | Found Hextuloe's Magic Scroll Shop.
  3828 | D:4      | Found Huzxy's Magic Scroll Boutique.
  3853 | D:4      | Reached skill level 6 in Long Blades
  3930 | D:4      | Bought a scroll of teleportation for 33 gold pieces
  3930 | D:4      | Bought a scroll of magic mapping for 38 gold pieces
  4218 | D:4      | Found Ryidev's Magic Scroll Shoppe.
  4676 | D:4      | Found Foisotemo's Book Shop.
  4717 | D:4      | Found Irhif's Assorted Antiques.
  4788 | D:4      | Gained mutation: You are weak. (Str -2) [potion of
                  | mutation]
  4788 | D:4      | Gained mutation: Your tail ends in a poisonous barb.
                  | [potion of mutation]
  4788 | D:4      | Gained mutation: Your system is resistant to poisons.
                  | (rPois) [potion of mutation]
  4788 | D:4      | Gained mutation: You have sharp toenails. [potion of
                  | mutation]
  4856 | D:5      | Entered Level 5 of the Dungeon
  4859 | D:5      | Found a basalt altar of Yredelemnul.
  4878 | D:5      | Found an iron altar of Okawaru.
  4908 | D:5      | Reached *** piety under Trog
  4928 | D:5      | Found a staircase to the Ecumenical Temple.
  5115 | D:5      | Reached skill level 7 in Long Blades
  5245 | D:5      | Reached skill level 5 in Dodging
  5265 | D:5      | Found a hide-covered altar of Uskayaw.
  5267 | D:5      | Found a shimmering altar of Xom.
  5417 | D:4      | Found a runed translucent door.
  5417 | D:4      | Noticed BeastOfSaturn's ghost (amateur DsFi)
  5432 | D:4      | Killed BeastOfSaturn's ghost
  5432 | D:4      | Reached XP level 8. HP: 67/67 MP: 8/8
  5535 | D:4      | Bought a scroll of brand weapon for 220 gold pieces
  5732 | D:6      | Found a glowing golden altar of the Shining One.
  5769 | D:6      | Reached skill level 5 in Fighting
  5920 | D:6      | Got a fine cloak
  6105 | D:6      | Found a sparkling altar of Nemelex Xobeh.
  6105 | D:6      | Found an opulent altar of Gozag.
  6437 | D:7      | Reached skill level 8 in Long Blades
  6494 | D:7      | You fall into a shaft and drop 2 floors!
  6560 | D:9      | HP: 2/70 [orc priest/divine providence (13)]
  6560 | D:9      | Slain by an orc warrior

Illustrated notes

Levels and vault maps discovered:
D:1:      lightli_arrival_farm, layout_basic
D:2:      layout_rooms, kennysheep_slug_shrine, nicolae_ru_the_path_less_chosen,
          kennysheep_generic_room_10, uniq_sigmund
D:3:      layout_basic, nicolae_overflow_hidden_temple, serial_glass,
          glass_columns_a, glass_columns_a, glass_columns_a, glass_columns_c,
          glass_columns_b, minmay_strange_pillars, uniq_grinder, uniq_natasha
D:4:      layout_cave_pods, serial_shops, shop, shop_scrolls,
          nicolae_shop_behind_doors, nicolae_shop_trees, kennysheep_mini_moat,
          gammafunk_ghost_grave
D:5:      layout_basic, nicolae_overflow_crystal_walls, minitemple,
          temple_fountains, yredelemnul_altar_generic
D:6:      layout_loops_cross, grunt_temple_overflow_opulence, kennysheep_mini
D:7:      layout_rooms, grunt_dithmenos_shadows, kiku_gazebo_pond_becter,
          uniq_pikel
D:9:      layout_basic, fedhas_altar_fruit_tree, dpeg_lair_monsters,
          uniq_erolcha

Skill      XL: |  1  2  3  4  5  6  7  8 |
---------------+-------------------------+-----
Dodging        | 3 4 5 |  5.4
Long Blades    | 4 5 7 8 |  8.2
Fighting       | 4 5 |  5.7
Stealth        | 1 2 |  2.9
Shields        | |  0.1
Unarmed Combat | |  0.1

Action                   |  1- 3 |  4- 6 |  7- 9 || total
-------------------------+-------+-------+-------++-------
Melee: Falchion          |   130 |   149 |   192 ||   471
       Tailslap          |    24 |    21 |    26 ||    71
       Unarmed           |       |     3 |       ||     3
       Kick              |       |       |    30 ||    30
Invok: Berserk           |     2 |     3 |     3 ||     8
 Abil: Breathe Lightning |       |       |     3 ||     3
  Use: Scroll            |     5 |       |     9 ||    14
       Potion            |     5 |     1 |     6 ||    12
 Stab: Sleeping          |       |     1 |     2 ||     3
Armor: Skin              |    29 |    55 |    35 ||   119
Dodge: Dodged            |    83 |    96 |   116 ||   295
Block: Buckler           |       |       |     5 ||     5
       Rpst.: Falchion   |    25 |    29 |    26 ||    80

Table legend: (Time is in decaauts)
 A = Elapsed time spent in this place.
 B = Non-inter-level travel time spent in this place.
 C = Inter-level travel time spent in this place.
 D = Time resting spent in this place.
 E = Time spent auto-exploring this place.
 F = Levels seen in this place.
 G = Mean time per level.
                   A        B        C        D        E       F      G
               +--------+--------+--------+--------+--------+-----+--------+
         Total |   6679 |   6655 |     24 |   1709 |   1056 |   8 |  834.9 |
       Dungeon |   6679 |   6655 |     24 |   1709 |   1056 |   8 |  834.9 |
               +--------+--------+--------+--------+--------+-----+--------+

Top non-repeatable levels by time:
     D:3: 1563 daAuts
     D:2: 1501 daAuts
     D:4: 1264 daAuts
     D:1: 839 daAuts
     D:6: 759 daAuts
     D:5: 619 daAuts
     D:9: 67 daAuts
     D:7: 63 daAuts
